 Dungeon Crawl Stone Soup version 0.20.0 (webtiles) character file.

451 FakerFangirl the Cudgeler (level 6, -2/55 HPs)
             Began as a Draconian Fighter on May 25, 2017.
             Slain by an orc
             ... wielding a +0 mace
              (5 damage)
             ... on level 3 of the Dungeon.
             The game lasted 00:04:10 (3299 turns).

FakerFangirl the Cudgeler (Draconian Fighter)       Turns: 3299, Time: 00:04:11

Health: -2/55      AC:  6    Str: 18    XL:     6   Next: 75%
Magic:  6/6        EV: 10    Int:  9    God:
Gold:   84         SH:  9    Dex: 12    Spells: 5/5 levels left

rFire    . . .     SeeInvis .   Y - +2 flail
rCold    . . .     Gourm    .   b - +0 shield
rNeg     . . .     Faith    .   (armour unavailable)
rPois    .         Spirit   .   (helmet restricted)
rElec    .         Reflect  .   (no cloak)
rCorr    .         Harm     .   (no gloves)
MR       .....                  (no boots)
Stlth    +.........             (no amulet)
Regen    0.2/turn               (no ring)
MPRegen  0.1/turn               (no ring)

@: no status effects
A: unfitting armour, cold-blooded, AC +6
a: no special abilities


You were on level 3 of the Dungeon.
You were not hungry.

You visited 1 branch of the dungeon, and saw 3 of its levels.

You collected 84 gold pieces.


Innate Abilities, Weirdness & Mutations

Your plain brown scales are hard. (AC +6)
You cannot fit into any form of body armour.
You are cold-blooded and may be slowed by cold attacks.


   Skills:
 - Level 4.8 Fighting
 + Level 6.5 Maces & Flails
 - Level 2.6 Dodging
 - Level 3.0 Shields


You had 5 spell levels left.
You didn't know any spells.

Inventory:

Hand Weapons
 Y - a +2 flail (weapon)
Missiles
 j - 3 javelins of returning (quivered)
Armour
 b - a +0 shield (worn)
Jewellery
 e - an uncursed ring of stealth {unknown}
Scrolls
 i - 3 scrolls of identify {unknown}
 k - a scroll of fog {unknown}
Potions
 c - a potion of might
 g - 2 potions of agility {unknown}
Comestibles
 a - a royal jelly
 d - 3 bread rations
 f - 2 chunks of flesh
 h - 12 fruits

Dungeon Overview and Level Annotations

Branches:
Dungeon (3/15)

Altars:


Message History

You block the jackal's attack. The orc hits you with a mace!
You closely miss the orc priest.
The orc priest is severely wounded.
You block the jackal's attack. x2; The orc priest hits you.
The jackal bites you.
The jackal bites you but does no damage.
You sock the orc priest!
You kill the orc priest!
The jackal barely misses you.
The jackal bites you but does no damage.
The jackal bites you.
The jackal bites you but does no damage.
The jackal closely misses you.
3298 ||| Stepping ~*~*~tactically~*~*~ (outnumbered).
The jackal bites you but does no damage.
The jackal barely misses you. You block the jackal's attack.
You hit the jackal.
You kill the jackal!
The jackal bites you but does no damage.
The orc hits you with a mace.
You die...

######.........##...#
#.... #.........##...#
#.... #.........##...#
#....
#..............########
#...###...............#
#...# #...............#
#...# #.....###.......#
##...###o....# #.......#
#......@ho...###.......#
#......%h.......).......
#.........#......#####..
#.........#......#####..
#.......................
#......................#
#.............h........#
#.............o.o......#
########...............#


You could see 2 orcs and 2 jackals.

Vanquished Creatures
  The ghost of ec653 the Caller, an amateur BaSu of Okawaru (D:3)
  A water moccasin skeleton (D:3)
  An orc priest (D:3)
  4 orc wizards (D:3)
  2 adders (D:2)
  3 oozes
  4 worms
  2 dart slugs (D:2)
  3 leopard geckos
  3 orcs (D:3)
  5 giant cockroaches
  11 hobgoblins
  4 jackals
  2 quokkas
  A ball python (D:1)
  9 bats
  5 frilled lizards
  5 goblins
  11 kobolds
  12 rats
89 creatures vanquished.

Notes
Turn   | Place    | Note
-------+----------+-------------------------------------------
     0 | D:1      | FakerFangirl the Draconian Fighter began the quest for the Orb.
     0 | D:1      | Reached XP level 1. HP: 19/19 MP: 1/1
     0 | D:1      | 0 ||| counter = 16
   151 | D:1      | Reached XP level 2. HP: 26/26 MP: 2/2
   402 | D:1      | Reached skill level 3 in Maces & Flails
   819 | D:1      | Reached XP level 3. HP: 28/31 MP: 3/3
   827 | D:1      | 827 ||| READING scroll labeled WUIMOYDWESSI.
   828 | D:1      | 828 ||| READING scroll labeled FEBUMINKAA.
  1062 | D:2      | Reached skill level 4 in Maces & Flails
  1243 | D:2      | Reached XP level 4. HP: 36/38 MP: 4/4
  1662 | D:2      | HP: 9/38 [poisoned by an adder]
  1670 | D:2      | HP: 8/38 [poisoned by an adder]
  2051 | D:2      | 2051 ||| READING scroll labeled USCHA UCIABE.
  2054 | D:2      | 2054 ||| READING scroll labeled ZAGOS GYVIGOLL.
  2055 | D:2      | 2055 ||| READING scroll labeled WEDIAR MUZAGU.
  2056 | D:2      | 2056 ||| READING scroll labeled PAGGILL QANLYPS.
  2057 | D:2      | 2057 ||| READING scroll labeled RAFIT YSCHIU.
  2058 | D:2      | 2058 ||| READING scroll labeled MAUNOS SOCKEU.
  2059 | D:2      | 2059 ||| DRINKING 3 amethyst potions.
  2186 | D:3      | 2186 ||| Stepping ~*~*~tactically~*~*~ (outnumbered).
  2190 | D:3      | Reached skill level 5 in Maces & Flails
  2195 | D:3      | Reached XP level 5. HP: 13/45 MP: 5/5
  2196 | D:3      | 2196 ||| Stepping ~*~*~tactically~*~*~ (outnumbered).
  2199 | D:3      | 2199 ||| Stepping ~*~*~tactically~*~*~ (outnumbered).
  2199 | D:3      | HP: 7/45 [orc wizard/magic dart (6)]
  2200 | D:3      | 2200 ||| DRINKING 2 potions of heal wounds.
  2226 | D:3      | HP: 11/45 [something (1)]
  2227 | D:3      | 2227 ||| DRINKING potion of heal wounds.
  2228 | D:3      | Reached skill level 6 in Maces & Flails
  2402 | D:3      | Noticed ec653's ghost (amateur BaSu)
  2422 | D:3      | 2422 ||| Stepping ~*~*~tactically~*~*~ (outnumbered).
  2423 | D:3      | 2423 ||| Stepping ~*~*~tactically~*~*~ (outnumbered).
  2424 | D:3      | 2424 ||| Stepping ~*~*~tactically~*~*~ (outnumbered).
  2425 | D:3      | Killed ec653's ghost
  2425 | D:3      | Reached XP level 6. HP: 14/55 MP: 6/6
  2441 | D:3      | HP: 10/55 [water moccasin skeleton (8)]
  2442 | D:3      | HP: 4/55 [water moccasin skeleton (6)]
  2739 | D:3      | 2739 ||| READING scroll of enchant weapon.
  2739 | D:3      | 2739 ||| ENCHANTING +1 flail.
  3295 | D:3      | HP: 13/55 [jackal (2)]
  3295 | D:3      | HP: 5/55 [orc/mace (8)]
  3297 | D:3      | HP: 2/55 [jackal (1)]
  3298 | D:3      | 3298 ||| Stepping ~*~*~tactically~*~*~ (outnumbered).
  3299 | D:3      | Slain by an orc

Vault maps used:
D:1:      onia_arrival_larder

Skill      XL: |  1  2  3  4  5 |
---------------+----------------+-----
Maces & Flails | 3 4 5 6 |  6.5
Fighting       | 4 |  4.8
Dodging        | |  2.6
Shields        | |  3.0

Action                   |  1- 3 |  4- 6 || total
-------------------------+-------+-------++-------
Melee: Flail             |   107 |   200 ||   307
       Tailslap          |    14 |    30 ||    44
Throw: Javelin           |       |     9 ||     9
  Use: Scroll            |     2 |     7 ||     9
       Potion            |       |     3 ||     3
  Eat: Chunk             |     1 |     7 ||     8
Armor: Skin              |    23 |    78 ||   101
Dodge: Dodged            |    38 |    74 ||   112
Block: Shield            |    43 |   100 ||   143
